APP
JOHNSON CITY CARDINALS @ WASHINGTON (APP) NATIONALS
10/16/2047
 
TOP OF THE 1ST
Helena Brewers batting - Pitching for Philadelphia (APP) Phillies : RHP Tony Botello
Pitching: RHP Tony Botello
Batting: RHB Kevin Wyche 0-0: Ball
1-0: Reached on error, E4 (Groundball, 4, EV 83.1 MPH)
Batting: SHB Martin Madsen 0-0: Ball
1-0: Called Strike
1-1: Foul Ball, location: 2F
1-2: Ball
2-2: Ball
3-2: Base on Balls
Kevin Wyche to second
Batting: LHB Tatsuyoshi Kaji 0-0: Ball
1-0: Fielders Choice at 2nd, 6-4 (Groundball, 56, EV 86.9 MPH)
Kevin Wyche to third
Batting: RHB Ricky Wiernik 0-0: Fielders Choice at 2nd, 3-6 (Groundball, 34, EV 80.6 MPH)
Kevin Wyche scores
Batting: LHB Tony Howard 0-0: Called Strike
0-1: Called Strike
0-2: SINGLE (Flyball, 89S, EV 85.6 MPH)
Ricky Wiernik to second
Ricky Wiernik to third
Batting: RHB Jorge Nunez 0-0: Ball
1-0: Called Strike
1-1: Swinging Strike
1-2: Ground out 5-3 (Groundball, 5S, EV 82.5 MPH)
Top of the 1st over - 1 run, 1 hit, 1 error, 2 left on base; Helena 1 - Philadelphia (APP) 0
BOTTOM OF THE 1ST
Philadelphia (APP) Phillies batting - Pitching for Helena Brewers : RHP Danny Levinger
Pitching: RHP Danny Levinger
Batting: RHB Harvey Harvey 0-0: Ball
1-0: Swinging Strike
1-1: Foul Ball, location: 2F
1-2: Ball
2-2: Foul Ball, location: 2F
2-2: Strikes out swinging
Batting: LHB Charlie Cook 0-0: Foul Ball, location: 2F
0-1: Ground out 4-3 (Groundball, 4, EV 80.0 MPH)
Batting: LHB Joel Urquiza 0-0: Ball
1-0: Ball
2-0: Foul Ball, location: 2F
2-1: Ball
3-1: Base on Balls
Batting: RHB John Gray 0-0: Called Strike
0-1: Ball
1-1: Swinging Strike
1-2: Foul Ball, location: 2F
1-2: Foul Ball, location: 2F
1-2: Ball
Passed Ball!
Joel Urquiza to second
2-2: Foul Ball, location: 2F
2-2: Fly out, F6 (Popup, 4MD, EV 54.4 MPH)
Bottom of the 1st over - 0 runs, 0 hits, 0 errors, 1 left on base; Helena 1 - Philadelphia (APP) 0
TOP OF THE 2ND
Helena Brewers batting - Pitching for Philadelphia (APP) Phillies : RHP Tony Botello
Batting: RHB John O'Hearn 0-0: Foul Ball, location: 2F
0-1: Foul Ball, location: 2F
0-2: Ball
1-2: Strikes out swinging
Batting: RHB Juan Alvarez 0-0: Ball
1-0: Fly out, F1 (Line Drive, P, EV 65.0 MPH)
Batting: RHB Danny Levinger 0-0: Ball
1-0: Swinging Strike
1-1: Ball
2-1: Foul Ball, location: 2F
2-2: SINGLE (Groundball, 34D, EV 103.1 MPH)
Batting: RHB Kevin Wyche 0-0: Ball
1-0: Called Strike
1-1: Ball
2-1: Foul Ball, location: 2F
2-2: Ground out 4-3 (Groundball, 4, EV 105.6 MPH)
Top of the 2nd over - 0 runs, 1 hit, 0 errors, 1 left on base; Helena 1 - Philadelphia (APP) 0
BOTTOM OF THE 2ND
Philadelphia (APP) Phillies batting - Pitching for Helena Brewers : RHP Danny Levinger
Batting: LHB Otte van Haarlem 0-0: Ball
1-0: Foul Ball, location: 2F
1-1: Ground out 5-3 (Groundball, 56S, EV 64.4 MPH)
Batting: RHB David Rivera 0-0: Ball
1-0: Ball
2-0: Called Strike
2-1: Ball
3-1: Called Strike
3-2: Base on Balls
Batting: RHB Kiyoshi Okazaki 0-0: Called Strike
0-1: Foul Ball, location: 2F
0-2: Ball
1-2: Ball
Passed Ball!
David Rivera to second
2-2: Strikes out looking
Batting: RHB Jose Andrade 0-0: Foul Ball, location: 2F
0-1: Ground out 4-3 (Groundball, 4, EV 109.4 MPH)
Bottom of the 2nd over - 0 runs, 0 hits, 0 errors, 1 left on base; Helena 1 - Philadelphia (APP) 0
TOP OF THE 3RD
Helena Brewers batting - Pitching for Philadelphia (APP) Phillies : RHP Tony Botello
Batting: SHB Martin Madsen 0-0: Called Strike
0-1: Ball
1-1: DOUBLE (Line Drive, 7LM, EV 101.9 MPH)
Batting: LHB Tatsuyoshi Kaji 0-0: Ball
Wild Pitch!
Martin Madsen to third
1-0: Fly out, F8 (Flyball, 8RD, EV 99.4 MPH)
Runner from 3rd tags up, SCORES, no throw by CF
Batting: RHB Ricky Wiernik 0-0: Called Strike
0-1: Ball
1-1: Ball
2-1: Foul Ball, location: 2F
2-2: Ground out 2-3 (Groundball, 15S, EV 71.3 MPH)
Batting: LHB Tony Howard 0-0: Ball
1-0: Foul Ball, location: 2F
1-1: Foul Ball, location: 2F
1-2: SINGLE (Groundball, 3D, EV 95.0 MPH)
Batting: RHB Jorge Nunez 0-0: Ball
1-0: Hit by Pitch
Tony Howard to second
Batting: RHB John O'Hearn 0-0: Ball
1-0: Ball
2-0: Foul Ball, location: 2F
2-1: Called Strike
2-2: Foul Ball, location: 2F
2-2: Strikes out looking
Top of the 3rd over - 1 run, 2 hits, 0 errors, 2 left on base; Helena 2 - Philadelphia (APP) 0
BOTTOM OF THE 3RD
Philadelphia (APP) Phillies batting - Pitching for Helena Brewers : RHP Danny Levinger
Batting: LHB Tony Botello 0-0: Ground out 1-3 (Groundball, P, EV 87.5 MPH)
Batting: RHB Harvey Harvey 0-0: Ball
1-0: Ground out 5-3 (Groundball, 56, EV 77.5 MPH)
Batting: LHB Charlie Cook 0-0: Ball
1-0: Called Strike
1-1: Reached on error, E6 (Groundball, 56, EV 101.3 MPH)
Batting: LHB Joel Urquiza 0-0: Ball
Passed Ball!
Charlie Cook to third
1-0: Foul Ball, location: 2F
1-1: Foul Ball, location: 2F
1-2: Ground out U3 (Groundball, 34S, EV 63.1 MPH)
Bottom of the 3rd over - 0 runs, 0 hits, 1 error, 1 left on base; Helena 2 - Philadelphia (APP) 0
TOP OF THE 4TH
Helena Brewers batting - Pitching for Philadelphia (APP) Phillies : RHP Tony Botello
Batting: RHB Juan Alvarez 0-0: Ball
1-0: SINGLE (Groundball, 56D, EV 98.8 MPH)
Batting: RHB Danny Levinger 0-0: Called Strike
Juan Alvarez steals 2nd base
0-1: Ball
1-1: Sac Bunt to 15 - play at first, batter OUT! 1-4
Juan Alvarez to third
Batting: RHB Kevin Wyche 0-0: Ball
1-0: Ball
2-0: Fly out, F9 (Flyball, 9, EV 81.3 MPH)
Runner from 3rd tags up, SCORES, throw by RF
Batting: SHB Martin Madsen 0-0: Foul Ball, location: 2F
0-1: Ball
1-1: Ball
2-1: Ground out 6-3 (Groundball, 6, EV 104.4 MPH)
Top of the 4th over - 1 run, 1 hit, 0 errors, 0 left on base; Helena 3 - Philadelphia (APP) 0
BOTTOM OF THE 4TH
Philadelphia (APP) Phillies batting - Pitching for Helena Brewers : RHP Danny Levinger
Batting: RHB John Gray 0-0: Called Strike
0-1: Foul Ball, location: 2F
0-2: Strikes out swinging
Batting: LHB Otte van Haarlem 0-0: Swinging Strike
0-1: Swinging Strike
0-2: Ball
1-2: Ball
2-2: Ball
3-2: Strikes out swinging
Batting: RHB David Rivera 0-0: Foul Ball, location: 2F
0-1: Ball
1-1: Ball
2-1: Foul Ball, location: 2F
2-2: Foul Ball, location: 2F
2-2: Ball
3-2: Base on Balls
Batting: RHB Kiyoshi Okazaki 0-0: Ball
Passed Ball!
David Rivera to second
1-0: Fly out, F8 (Flyball, 8RM, EV 86.9 MPH)
Bottom of the 4th over - 0 runs, 0 hits, 0 errors, 1 left on base; Helena 3 - Philadelphia (APP) 0
TOP OF THE 5TH
Helena Brewers batting - Pitching for Philadelphia (APP) Phillies : RHP Tony Botello
Batting: LHB Tatsuyoshi Kaji 0-0: Called Strike
0-1: Called Strike
0-2: SINGLE (Line Drive, 34D, EV 98.1 MPH)
Batting: RHB Ricky Wiernik 0-0: Swinging Strike
0-1: Ball
1-1: 2-RUN HOME RUN (Flyball, 78XD, EV 94.4 MPH), Distance : 424 ft
Pitching: RHP Jim Belan
Batting: LHB Tony Howard 0-0: Ball
1-0: Foul Ball, location: 2F
1-1: SINGLE (Groundball, 34D, EV 96.9 MPH)
Batting: RHB Jorge Nunez 0-0: Fielders Choice at 2nd, 4-6 (Groundball, 34, EV 97.5 MPH)
Batting: RHB John O'Hearn 0-0: Ball
1-0: Ball
2-0: Ball
Wild Pitch!
Jorge Nunez to second
3-0: Called Strike
3-1: Fly out, F7 (Flyball, 7S, EV 79.4 MPH)
Batting: RHB Juan Alvarez 0-0: Intentional Walk
Batting: RHB Danny Levinger 0-0: Ball
1-0: Called Strike
1-1: Swinging Strike
1-2: Ball
2-2: Strikes out looking
Top of the 5th over - 2 runs, 3 hits, 0 errors, 2 left on base; Helena 5 - Philadelphia (APP) 0
BOTTOM OF THE 5TH
Philadelphia (APP) Phillies batting - Pitching for Helena Brewers : RHP Danny Levinger
Batting: RHB Jose Andrade 0-0: Foul Ball, location: 2F
0-1: Ball
1-1: Ground out 4-3 (Groundball, 4, EV 110.6 MPH)
Batting: RHB Jim Belan 0-0: Foul Ball, location: 2F
0-1: Ground out U3 (Groundball, 34, EV 101.9 MPH)
Batting: RHB Harvey Harvey 0-0: Ball
1-0: Foul Ball, location: 2F
1-1: Foul Ball, location: 2F
1-2: Fly out, F3 (Popup, 3, EV 65.6 MPH)
Bottom of the 5th over - 0 runs, 0 hits, 0 errors, 0 left on base; Helena 5 - Philadelphia (APP) 0
TOP OF THE 6TH
Helena Brewers batting - Pitching for Philadelphia (APP) Phillies : RHP Jim Belan
Batting: RHB Kevin Wyche 0-0: Ball
1-0: Foul Ball, location: 2F
1-1: Foul Ball, location: 2F
1-2: Ball
2-2: Ball
3-2: Ground out 5-3 (Groundball, 56, EV 87.5 MPH)
Batting: SHB Martin Madsen 0-0: Foul Ball, location: 2F
0-1: Ball
1-1: Ball
2-1: Called Strike
2-2: SINGLE (Flyball, 78S, EV 83.8 MPH)
Batting: LHB Tatsuyoshi Kaji 0-0: Ball
1-0: Called Strike
1-1: Swinging Strike
1-2: Strikes out swinging
Martin Madsen steals 2nd base (no throw)
Batter strikes out.
Batting: RHB Ricky Wiernik 0-0: Called Strike
0-1: Ball
1-1: Ground out 4-3 (Groundball, 4, EV 107.5 MPH)
Top of the 6th over - 0 runs, 1 hit, 0 errors, 1 left on base; Helena 5 - Philadelphia (APP) 0
BOTTOM OF THE 6TH
Philadelphia (APP) Phillies batting - Pitching for Helena Brewers : RHP Danny Levinger
Batting: LHB Charlie Cook 0-0: Ball
1-0: Ball
2-0: Ball
3-0: Called Strike
3-1: Base on Balls
Pitching: LHP Miguel Gonzalez
Batting: LHB Joel Urquiza 0-0: Ball
Passed Ball!
Charlie Cook to second
1-0: Ball
2-0: Called Strike
2-1: Fly out, F3 (Popup, 3SF, EV 75.0 MPH)
Batting: RHB John Gray 0-0: Ball
1-0: Ball
2-0: Called Strike
2-1: Ball
3-1: Base on Balls
Batting: LHB Otte van Haarlem 0-0: Ball
1-0: Foul Ball, location: 2F
1-1: Ball
2-1: Ball
3-1: Base on Balls
Charlie Cook to third
John Gray to second
Batting: RHB David Rivera 0-0: Called Strike
0-1: Foul Ball, location: 2F
0-2: Foul Ball, location: 2F
0-2: SINGLE (Line Drive, 8LS, EV 99.4 MPH)
Charlie Cook scores
John Gray to third
Otte van Haarlem to second
Runner from 3rd tries for Home, SAFE, throw by CF to home
Batting: RHB Kiyoshi Okazaki 0-0: Ball
1-0: SINGLE (Groundball, 56, EV 98.8 MPH)
Otte van Haarlem to third
David Rivera to second
Runner from 3rd tries for Home, SAFE, throw by LF to home
Batting: RHB Jose Andrade 0-0: Swinging Strike
0-1: Foul Ball, location: 2F
0-2: Strikes out swinging
Pinch Hitting: RHB Robert Anderson 0-0: Ball
1-0: Ball
2-0: Ball
Passed Ball!
David Rivera to third
Kiyoshi Okazaki to second
3-0: Called Strike
3-1: Fly out, F7 (Flyball, 7D, EV 100.0 MPH)
Bottom of the 6th over - 3 runs, 2 hits, 0 errors, 2 left on base; Helena 5 - Philadelphia (APP) 3
TOP OF THE 7TH
Helena Brewers batting - Pitching for Philadelphia (APP) Phillies : RHP Jim Belan
Pitching: LHP Jonah Huot
Batting: LHB Tony Howard 0-0: Called Strike
0-1: Foul Ball, location: 2F
0-2: Ball
1-2: Strikes out looking
Batting: RHB Jorge Nunez 0-0: Ball
1-0: Ball
2-0: Foul Ball, location: 2F
2-1: Fly out, F7 (Flyball, 7LM, EV 77.5 MPH)
Batting: RHB John O'Hearn 0-0: Foul Ball, location: 2F
0-1: Ball
1-1: Foul Ball, location: 2F
1-2: Foul Ball, location: 2F
1-2: Ball
2-2: Ball
3-2: Strikes out swinging
Top of the 7th over - 0 runs, 0 hits, 0 errors, 0 left on base; Helena 5 - Philadelphia (APP) 3
BOTTOM OF THE 7TH
Philadelphia (APP) Phillies batting - Pitching for Helena Brewers : LHP Miguel Gonzalez
Pitching: RHP Sander Kollen
Batting: RHB Harvey Harvey 0-0: Foul Ball, location: 2F
0-1: Ground out 6-3 (Groundball, 6, EV 87.5 MPH)
Pitching: RHP Josh Pallotta
Batting: LHB Charlie Cook 0-0: Ball
1-0: Ball
2-0: Called Strike
2-1: Foul Ball, location: 2F
2-2: Ball
3-2: Fly out, F8 (Flyball, 8LS, EV 88.8 MPH)
Batting: LHB Joel Urquiza 0-0: Called Strike
0-1: Ball
1-1: Ball
2-1: Called Strike
2-2: DOUBLE (Flyball, 8RXD, EV 104.4 MPH)
Batting: RHB John Gray 0-0: Ball
1-0: Swinging Strike
1-1: Foul Ball, location: 2F
1-2: Foul Ball, location: 2F
1-2: Ball
Passed Ball!
Joel Urquiza to third
2-2: Foul Ball, location: 2F
2-2: Foul Ball, location: 2F
2-2: Fly out, F6 (Line Drive, 6, EV 72.5 MPH)
Bottom of the 7th over - 0 runs, 1 hit, 0 errors, 1 left on base; Helena 5 - Philadelphia (APP) 3
TOP OF THE 8TH
Helena Brewers batting - Pitching for Philadelphia (APP) Phillies : LHP Jonah Huot
Batting: RHB Juan Alvarez 0-0: Swinging Strike
0-1: Ball
1-1: Ball
2-1: Reached on error, E6 (Groundball, 6, EV 78.8 MPH)
Pinch Hitting: LHB Steve DuBay 0-0: Foul Ball, location: 2F
0-1: Bunted foul
0-2: Strikes out looking
Batting: RHB Kevin Wyche 0-0: Called Strike
0-1: Ball
1-1: Called Strike
1-2: Ball
2-2: Ball
3-2: Strikes out looking
Batting: SHB Martin Madsen 0-0: Called Strike
0-1: Foul Ball, location: 2F
0-2: Foul Ball, location: 2F
0-2: Ball
1-2: Reached on error, E1 (Line Drive, P, EV 66.9 MPH)
Juan Alvarez to second
Batting: LHB Tatsuyoshi Kaji 0-0: Fly out, F9 (Line Drive, 9, EV 86.9 MPH)
Top of the 8th over - 0 runs, 0 hits, 2 errors, 2 left on base; Helena 5 - Philadelphia (APP) 3
BOTTOM OF THE 8TH
Philadelphia (APP) Phillies batting - Pitching for Helena Brewers : RHP Josh Pallotta
Pitching: RHP Derek Decker
Batting: LHB Otte van Haarlem 0-0: Called Strike
0-1: Foul Ball, location: 2F
0-2: Ground out 5-3 (Groundball, 5, EV 82.5 MPH)
Batting: RHB David Rivera 0-0: Swinging Strike
0-1: Ball
1-1: Foul Ball, location: 2F
1-2: Strikes out swinging
Batting: RHB Kiyoshi Okazaki 0-0: Called Strike
0-1: SINGLE (Groundball, 34D, EV 108.8 MPH)
Batting: RHB Jose Andrade 0-0: Ball
1-0: Ball
2-0: Ball
3-0: Base on Balls
Kiyoshi Okazaki to second
Pinch Hitting: RHB Carlos Horn 0-0: Ball
1-0: Called Strike
1-1: Foul Ball, location: 2F
1-2: Fly out, F9 (Flyball, 9S, EV 91.3 MPH)
Bottom of the 8th over - 0 runs, 1 hit, 0 errors, 2 left on base; Helena 5 - Philadelphia (APP) 3
TOP OF THE 9TH
Helena Brewers batting - Pitching for Philadelphia (APP) Phillies : LHP Jonah Huot
Pitching: RHP Ryan English
Batting: RHB Ricky Wiernik 0-0: Ball
1-0: Ball
2-0: Ball
3-0: Called Strike
3-1: Called Strike
3-2: Base on Balls
Batting: LHB Tony Howard 0-0: Ball
1-0: Foul Ball, location: 2F
1-1: Foul Ball, location: 2F
1-2: Fly out, F8 (Flyball, 89D, EV 100.0 MPH)
Batting: RHB Jorge Nunez 0-0: Called Strike
0-1: Hit by Pitch
Ricky Wiernik to second
Batting: RHB John O'Hearn 0-0: SINGLE (Flyball, 78D, EV 98.8 MPH)
Ricky Wiernik to third
Jorge Nunez to second
Runner from 3rd tries for Home, SAFE, throw by CF to home
Batting: RHB Juan Alvarez 0-0: Swinging Strike
0-1: Ball
Wild Pitch!
Jorge Nunez to third
John O'Hearn to second
1-1: Ball
2-1: Swinging Strike
2-2: Foul Ball, location: 2F
2-2: SINGLE (Groundball, 34D, EV 101.9 MPH)
Jorge Nunez scores
John O'Hearn to third
Runner from 3rd tries for Home, SAFE, no throw by RF
Pinch Hitting: LHB Marshall Licata 0-0: Hit by Pitch
Juan Alvarez to second
Batting: RHB Kevin Wyche 0-0: Swinging Strike
0-1: Foul Ball, location: 2F
0-2: Ball
Wild Pitch!
Juan Alvarez to third
Marshall Licata to second
1-2: Strikes out swinging
Batting: SHB Martin Madsen Balk!
Juan Alvarez scores
Marshall Licata to third
Pitching: RHP Marcos Flores 0-0: Ball
1-0: Ball
2-0: Swinging Strike
2-1: SINGLE (Flyball, 7LS, EV 95.0 MPH)
Marshall Licata scores
Batting: LHB Tatsuyoshi Kaji 0-0: Ball
Martin Madsen steals 2nd base
1-0: Called Strike
1-1: Fly out, F8 (Flyball, 8RM, EV 97.5 MPH)
Top of the 9th over - 5 runs, 3 hits, 0 errors, 1 left on base; Helena 10 - Philadelphia (APP) 3
BOTTOM OF THE 9TH
Philadelphia (APP) Phillies batting - Pitching for Helena Brewers : RHP Derek Decker
Pitching: RHP Akihiko Kanemoto
Batting: RHB Harvey Harvey 0-0: Ground out 6-3 (Groundball, 6, EV 101.3 MPH)
Batting: LHB Charlie Cook 0-0: Called Strike
0-1: Ball
1-1: Ball
2-1: Ball
3-1: Swinging Strike
3-2: Base on Balls
Batting: LHB Joel Urquiza 0-0: Ball
1-0: SINGLE (Line Drive, 9LS, EV 95.0 MPH)
Charlie Cook to second
Batting: RHB John Gray 0-0: Ball
1-0: Ball
Passed Ball!
Charlie Cook to third
Joel Urquiza to second
2-0: Ball
Wild Pitch!
Charlie Cook scores
Joel Urquiza to third
3-0: Swinging Strike
Passed Ball!
Joel Urquiza scores
3-1: Base on Balls
Batting: LHB Otte van Haarlem 0-0: Ball
Passed Ball!
John Gray to second
1-0: Foul Ball, location: 2F
1-1: Ball
Wild Pitch!
John Gray to third
2-1: Foul Ball, location: 2F
2-2: Ball
3-2: Base on Balls
Pitching: RHP Josh Winter
Batting: RHB David Rivera 0-0: Ball
1-0: Fly out, F6 (Line Drive, 6, EV 66.9 MPH)
Batting: RHB Kiyoshi Okazaki 0-0: Ball
1-0: Foul Ball, location: 2F
1-1: Foul Ball, location: 2F
1-2: Ball
Passed Ball!
John Gray scores
Otte van Haarlem to second
2-2: Ball
3-2: Strikes out swinging
Bottom of the 9th over - 3 runs, 1 hit, 0 errors, 1 left on base; Helena 10 - Philadelphia (APP) 6
Thursday, December 15th , 2022 - OOTP Baseball 23.9 Build 102